Map: 匹昂台地

Players

TIME (Oliveira)

  • Race: Terran Terran
  • League: Master

iGiA (iAsonu) - Winner!

  • Race: Zerg Zerg
  • League: Master

Event: GPL 2015 - Grand Finals

VOD

Have the link to the VOD?

Description

Time

  • Played on: Jan. 25, 2016, 6:50 a.m.
  • Length: 13:05

All games in this series

Show
View Real Time Build Order
Export as new Build Order

TIME Terran 

Build Orders: MMM Bio 

Get SALT Encoding   

  12  0:00  SCV  
  13  0:13  SCV  
  14  0:18  Supply Depot  
  14  0:25  SCV  
  15  0:40  Barracks  
  15  0:50  Barracks  
  15  0:55  SCV  
  16  1:07  SCV  
  17  1:27  Marine, Orbital Command  
  17  1:31  Supply Depot  
  18  1:40  Bunker, Marine  
  19  1:49  Marine  
  19  1:50  Bunker  
  19  1:53  SCV  
  21  1:58  Marine  
  22  2:05  SCV  
  22  2:07  Marine  
  24  2:14  Bunker  
  24  2:16  Marine  
  24  2:17  SCV  
  26  2:24  Bunker  
  26  2:25  Marine  
  26  2:29  SCV  
  28  2:32  Supply Depot  
  28  2:34  Marine  
  29  2:41  SCV  
  29  2:43  Marine  
  31  2:53  Marine  
  32  3:00  Command Center  
  32  3:12  Refinery  
  32  3:13  Refinery  
  32  3:14  SCV  
  33  3:21  Supply Depot  
  33  3:27  SCV  
  34  3:37  Bunker  
  34  3:39  SCV  
  35  3:42  Barracks  
  35  3:51  SCV  
  36  3:56  Factory  
  34  4:03  SCV  
  35  4:19  SCV  
  35  4:20  Orbital Command  
  35  4:23  Barracks Tech Lab, Barracks Reactor  
  34  4:32  Barracks Tech Lab, SCV  
  35  4:43  Starport  
  35  4:44  SCV  
  36  4:46  SCV  
  35  4:54  Marine x2  
  35  4:56  SCV  
  35  4:58  Siege Tank  
  35  4:59  Marine x2  
  41  5:00  SCV  
  43  5:08  SCV  
  43  5:12  SCV  
  43  5:13  Marine x2  
  41  5:17  Marine x2  
  41  5:20  SCV  
  41  5:21  Medivac  
  45  5:24  SCV  
  36  5:31  Marine x2  
  36  5:32  SCV  
  36  5:34  Marine  
  35  5:35  Marine  
  35  5:36  SCV  
  33  5:44  SCV  
  33  5:48  SCV  
  33  5:49  Marine x2  
  37  5:52  Marine  
  37  5:53  Marine  
  37  5:56  SCV  
  40  6:03  Stimpack  
  40  6:05  SCV  
  40  6:06  Marine  
  40  6:07  Marine  
  40  6:08  SCV  
  44  6:13  Marine x2  
  44  6:17  SCV  
  47  6:20  SCV  
  47  6:24  Marine  
  49  6:26  Marine  
  49  6:29  SCV  
  54  6:32  Siege Tank  
  54  6:33  Marine x2, Supply Depot  
  54  6:37  SCV  
  57  6:42  SCV, Marine  
  57  6:47  Marine  
  59  6:49  SCV  
  59  6:51  Marine  
  62  6:54  Medivac, Marine  
  62  6:55  SCV  
  62  6:56  Supply Depot  
  66  7:05  Marine  
  67  7:10  Marine x2  
  67  7:11  SCV  
  67  7:13  Supply Depot  
  70  7:17  Siege Tank, Marine  
  70  7:21  SCV  
  75  7:26  Command Center  
  75  7:33  Refinery x2  
  75  7:34  Barracks Reactor  
  75  7:38  Marine x3  
  75  7:40  Starport Reactor  
  75  7:41  SCV  
  79  7:45  SCV  
  80  7:53  SCV  
  80  7:56  Marine x2  
  80  7:57  SCV, Marine  
  85  8:05  SCV  
  85  8:09  SCV  
  85  8:12  Combat Shields  
  86  8:16  Supply Depot  
  86  8:17  Marine x4, Supply Depot  
  86  8:18  SCV  
  90  8:21  SCV, Marine  
  73  8:31  Siege Tank  
  70  8:35  Marine, Barracks  
  70  8:37  Marine, Barracks  
  70  8:38  Marine  
  73  8:41  Marine  
  73  8:42  Marine  
  73  8:48  Orbital Command  
  75  8:52  SCV x2  
  77  8:57  Marine x2  
  79  9:06  Engineering Bay x2  
  79  9:08  SCV  
  80  9:10  SCV  
  80  9:14  SCV  
  82  9:18  Siege Tank  
  82  9:19  Marine  
  86  9:25  Marine x2, Barracks Reactor  
  86  9:26  Barracks Reactor  
  86  9:27  SCV  
  86  9:28  SCV  
  90  9:33  Terran Infantry Armor Level 1, Terran Infantry Weapons Level 1  
  90  9:36  Marine  
  90  9:38  SCV  
  86  9:39  SCV  
  86  9:42  Marine  
  86  9:45  Medivac x2, Marine x2  
  92  9:46  Marine  
  92  9:49  Bunker  
  95  9:53  SCV  
  95  9:54  Marine  
  95  9:58  Siege Tank  
  95  9:59  Marine  
  100  10:01  SCV  
  100  10:03  Marine  
  98  10:07  Marine x2  
  98  10:08  Marine x3  
  98  10:09  SCV  
  98  10:11  Supply Depot  
  98  10:13  Refinery x2  
  105  10:14  SCV  
  105  10:20  Medivac, Marine x2  
  103  10:21  Marine  
  103  10:23  Supply Depot  
  103  10:25  Marine x3  
  107  10:29  Medivac, Marine x3  
  107  10:35  Armory  
  112  10:38  Marine x2  
  112  10:39  Marine  
  112  10:42  Siege Tank  
  118  10:46  Factory, Marine  
  119  10:50  Marine x2  
  119  10:54  Marine x3  
  124  10:58  Marine x3  
  124  10:59  Medivac  
  129  11:05  Supply Depot  
  129  11:06  Marine  
  129  11:10  Marine  
  127  11:13  Marine  
  127  11:17  Marine x3  
  129  11:19  Marine x3  
  129  11:24  Siege Tank, Marine  
  136  11:27  Command Center  
  136  11:28  Command Center  
  136  11:29  Marine  
  136  11:31  Marine  
  138  11:34  Marine  
  138  11:35  Marine x2  
  138  11:37  Marine x3  
  143  11:42  Marine  
  144  11:47  Marine  
  144  11:49  Marine  
  144  11:52  Marine  
  147  11:54  Factory Tech Lab  
  147  11:55  Supply Depot  
  147  11:59  Liberator  
  147  12:05  Marine x2  
  149  12:17  Siege Tank, Marine x2  
  157  12:30  Supply Depot  
  157  12:32  Marine x4, Supply Depot  
  157  12:35  Marine  
  165  12:38  Marine x2  
  165  12:41  Marine x2  
Show
View Real Time Build Order
Export as new Build Order

iGiA Zerg - Winner!

Build Orders: Pool First 

Get SALT Encoding   

  12  0:01  Drone  
  13  0:12  Overlord  
  13  0:17  Drone  
  14  0:30  Drone x2  
  14  0:34  Drone  
  17  0:45  Spawning Pool  
  17  0:48  Extractor  
  15  0:50  Drone  
  15  0:56  Drone  
  17  1:10  Drone  
  18  1:17  Hatchery  
  17  1:21  Drone  
  18  1:32  Queen  
  20  1:36  Zergling x2  
  21  1:40  Drone  
  22  1:51  Roach Warren  
  22  1:53  Drone  
  22  2:07  Overlord  
  21  2:21  Overlord  
  21  2:31  Roach x2  
  21  2:33  Roach  
  21  2:36  Queen  
  29  2:40  Roach  
  29  2:42  Roach  
  33  2:47  Roach  
  35  2:53  Ravager  
  35  2:54  Roach  
  38  3:08  Overlord x2  
  38  3:17  Overlord  
  38  3:25  Overlord  
  38  3:28  Ravager  
  39  3:35  Roach  
  39  3:37  Roach  
  44  3:41  Drone  
  44  3:44  Drone  
  44  3:45  Drone  
  44  3:47  Drone  
  47  4:03  Hatchery  
  47  4:08  Ravager  
  47  4:16  Drone  
  48  4:22  Drone x2  
  48  4:23  Overlord  
  50  4:25  Drone  
  50  4:28  Drone  
  52  4:40  Drone  
  53  4:47  Drone  
  53  4:52  Ravager  
  55  5:04  Drone  
  56  5:11  Drone  
  55  5:15  Drone  
  55  5:19  Roach  
  58  5:22  Drone  
  58  5:28  Drone  
  55  5:29  Lair  
  55  5:30  Drone  
  50  5:35  Drone  
  50  5:40  Drone  
  49  5:44  Drone  
  47  5:52  Drone  
  47  5:55  Metabolic Boost  
  47  5:56  Queen  
  45  5:59  Zergling x8  
  45  6:01  Roach  
  53  6:04  Hatchery  
  53  6:08  Hatchery  
  53  6:11  Drone x3  
  54  6:15  Roach  
  54  6:17  Extractor  
  55  6:20  Extractor  
  55  6:22  Drone  
  55  6:23  Drone  
  56  6:27  Drone  
  56  6:28  Zergling x2, Drone  
  56  6:29  Zergling x2  
  56  6:32  Drone  
  61  6:34  Drone  
  61  6:35  Hatchery  
  61  6:41  Queen  
  61  6:45  Queen  
  65  6:49  Drone  
  65  6:50  Drone  
  67  6:56  Ravager x2  
  67  6:59  Evolution Chamber  
  67  7:00  Evolution Chamber  
  65  7:07  Zergling x10, Roach  
  70  7:10  Drone  
  70  7:11  Drone  
  70  7:13  Drone  
  70  7:14  Drone  
  74  7:15  Drone  
  74  7:18  Drone  
  74  7:22  Overlord  
  76  7:23  Drone  
  76  7:26  Zergling x2  
  76  7:27  Zergling x2  
  79  7:34  Zerg Ground Armor Level 1, Zerg Melee Weapons Level 1  
  79  7:39  Drone  
  79  7:40  Drone x2  
  79  7:41  Overlord  
  82  7:44  Zergling x6  
  82  7:45  Zergling x2  
  86  7:54  Overlord  
  86  7:59  Overlord x2  
  86  8:02  Zergling x12  
  86  8:03  Zergling x6  
  94  8:10  Baneling Nest  
  94  8:11  Ravager x2  
  94  8:14  Zergling x14  
  95  8:25  Zergling x12  
  88  8:30  Zergling x4  
  84  8:37  Roach x2  
  84  8:39  Zergling x4  
  90  8:48  Drone  
  91  8:58  Drone  
  91  9:00  Ravager x2  
  91  9:02  Centrifical Hooks  
  94  9:08  Zergling x16  
  102  9:11  Baneling x4  
  101  9:21  Infestation Pit, Drone x2  
  102  9:24  Extractor x2  
  102  9:25  Zergling x14  
  102  9:29  Drone x2  
  109  9:34  Hatchery  
  105  9:42  Zerg Melee Weapons Level 2  
  105  9:43  Zerg Ground Armor Level 2  
  105  9:46  Drone  
  105  9:47  Zergling x2, Drone x3  
  105  9:48  Zergling x6  
  113  9:57  Zergling x16  
  121  10:00  Overlord  
  120  10:08  Overlord  
  120  10:11  Overlord  
  120  10:12  Pathogen Glands  
  120  10:15  Baneling x2  
  120  10:19  Hive, Zergling x2  
  120  10:20  Zergling x4  
  123  10:28  Baneling, Drone x2  
  125  10:29  Drone x3  
  125  10:31  Zergling x4  
  130  10:38  Drone x3  
  130  10:39  Zergling x2  
  130  10:40  Zergling x4  
  135  10:53  Baneling x3  
  135  10:56  Infestor x2  
  138  10:58  Pneumatized Carapace  
  138  11:02  Zergling x2  
  138  11:03  Zergling x8  
  143  11:10  Zergling x2  
  143  11:11  Zergling x8  
  147  11:13  Hatchery  
  147  11:17  Drone  
  147  11:18  Spore Crawler  
  145  11:19  Spine Crawler  
  145  11:22  Zergling x12  
  150  11:28  Overlord  
  150  11:31  Baneling x7  
  150  11:32  Baneling x8  
  146  11:45  Ultralisk Cavern  
  145  11:59  Zergling x16  
  153  12:02  Extractor  
  153  12:03  Extractor  
  151  12:17  Spire  
  151  12:18  Drone  
  151  12:19  Extractor, Drone x2  
  153  12:22  Zergling x2  
  153  12:23  Zergling x20  
  153  12:27  Overlord x2  
  153  12:28  Overlord  
  153  12:29  Overlord  
  163  12:32  Drone x3  
Tags
 
Add a new tag
Caveats
  • Supply blocks, unpowered buildings, or Contaminate may cause inaccurate times.
  • Supply counts are checked every 10 seconds.